 Dungeon Crawl Stone Soup version 0.32-a0-22-g6ae6769602 (webtiles) character file.

Game seed: 2016159388427835964

207 jasper the Trooper (level 5, -2/35 HPs)
             Began as a Gargoyle Earth Elementalist on Jan 18, 2024.
             Killed by divine providence
             ... invoked by an orc priest
              (11 damage)
             ... on level 3 of the Dungeon.
             The game lasted 00:04:16 (2925 turns).

jasper the Trooper (Gargoyle Earth Elementalist)    Turns: 2925, Time: 00:04:16

Health: -2/35      AC:  7    Str:  9 (11) XL:     5   Next: 85%
Magic:  0/8        EV: 17    Int: 16 (18) God:
Gold:   149        SH:  0    Dex: 13 (16) Spells: 1/8 levels left

rFire   . . .        t - +1 flail (protect)
rCold   + . .        (no shield)
rNeg    + . .        a - +0 robe
rPois   ∞            j - +0 helmet
rElec   +            (no cloak)
rCorr   .            (no gloves)
SInv    .            (no boots)
Will    +....        (no amulet)
Stlth   +++          r - ring "Meluetz" {rC+ Dex+6 Stlth+}
HPRegen 0.25/turn    s - +5 ring of evasion
MPRegen 0.11/turn

%: no passive effects
@: enlightened, flying
A: sickness immunity, AC +4, negative energy resistance 1, electricity
resistance, torment resistance 1, petrification resistance
a: no special abilities


You were on level 3 of the Dungeon.
You visited 1 branch of the dungeon, and saw 3 of its levels.

You collected 149 gold pieces.

Inventory:

Hand Weapons
 d - a +1 dagger of speed
 h - a +0 heavy rapier
 t - a +1 flail of protection (weapon)
Armour
 a - a +0 robe (worn)
 i - a +0 ring mail
 j - a +0 helmet (worn)
Jewellery
 k - a ring of ice
 r - the ring "Meluetz" (left hand) {rC+ Dex+6 Stlth+}
   (You found it on level 3 of the Dungeon)

   [ring of dexterity]

   Dex+6:     It affects your dexterity (+6).
   rC+:       It protects you from cold.
   Stlth+:    It makes you more stealthy.
 s - a +5 ring of evasion (right hand)
Scrolls
 c - a scroll of immolation
 e - 2 scrolls of vulnerability
 f - a scroll of silence {unknown}
 g - a scroll of brand weapon
 l - 2 scrolls of enchant armour {unknown}
 n - a scroll of fear {unknown}
 p - a scroll of identify {unknown}
 q - a scroll of blinking {unknown}
Potions
 b - a potion of magic


   Skills:
 - Level 5.0 Fighting
 - Level 1.5 Dodging
 - Level 2.1 Stealth
 - Level 2.0 Spellcasting
 - Level 1.1 Conjurations
 + Level 5.0 Earth Magic


You had one spell level left.
You knew the following spells:

 Your Spells              Type           Power      Damage    Failure   Level
a - Sandblast             Erth           34%        2d9       2%          1
b - Passwall              Erth           17%        N/A       8%          3
c - Stone Arrow           Conj/Erth      22%        3d8       17%         3

Your spell library contained the following spells:

 Spells                   Type           Power      Damage    Failure   Level
 Brom's Barrelling Bould  Conj/Erth      11%        2d3       50%         4
 Petrify                  Alch/Erth      9%         N/A       58%         4


Dungeon Overview and Level Annotations

Branches:
Dungeon (3/15)

Altars:


Innate Abilities, Weirdness & Mutations

You are immune to sickness and miasma.
Your stone body is resilient. (AC +4)
You are immune to poison.
You resist negative energy. (rN+)
You are resistant to electric shocks. (rElec)
You are resistant to unholy torment.
You are immune to petrification.


Message History

It was a potion of degeneration.
There was something very wrong with that liquid.
You feel weakened.
You feel dopey.
You feel clumsy.
The orc priest looks braver for a moment.
It was a potion of enlightenment.
You feel very buoyant.
You fly up into the air.
The orc priest completely misses you.
Okay, then.
You aren't carrying any items that you can evoke.
Aiming: Sandblast (safe; 2% risk of failure)
Press: ? - help, Q - select action, (/) - cycle Shift-Dir - straight line, f - orc priest
Aim: an orc priest, wielding a +0 hand axe and wearing a +0 ring mail (84% to hit)
The blast of sand hits the orc priest but does no damage.
The orc priest hits you but does no damage.
The orc priest completely misses you.
You now have 3/8 mp.
Aiming: Sandblast (safe; 2% risk of failure)
Press: ? - help, Q - select action, (/) - cycle Shift-Dir - straight line, f/p - orc priest
Aim: an orc priest, wielding a +0 hand axe and wearing a +0 ring mail (84% to hit)
The blast of sand hits the orc priest.
The orc priest is moderately wounded.
The orc priest barely misses you.
You now have 2/8 mp.
Aiming: Sandblast (safe; 2% risk of failure)
Press: ? - help, Q - select action, (/) - cycle Shift-Dir - straight line, f/p - orc priest
Aim: an orc priest, wielding a +0 hand axe and wearing a +0 ring mail (moderately wounded, 84% to hit)
The blast of sand hits the orc priest.
The orc priest is heavily wounded.
The orc priest calls down the wrath of Beogh upon you.
You resist with some effort. The orc priest barely misses you.
You now have 1/8 mp.
Aiming: Sandblast (safe; 2% risk of failure)
Press: ? - help, Q - select action, (/) - cycle Shift-Dir - straight line, f/p - orc priest
Aim: an orc priest, wielding a +0 hand axe and wearing a +0 ring mail (heavily wounded, 84% to hit)
The blast of sand hits the orc priest but does no damage.
The orc priest is heavily wounded.
The orc priest barely misses you.
The orc priest calls down the wrath of Beogh upon you.
Beogh smites you!
You die...

#. #. #. #. #o #.
#)########## #oo@.......#
##########.# #.# #.# #.#
#.# #.# #.#
#######################.#


You could see 2 orc priests.

Vanquished Creatures
  An iguana (D:3)
  An orc wizard (D:3)
  7 gnolls
  An adder (D:3)
  3 ribbon worms (D:2)
  5 orcs (D:3)
  4 endoplasms (D:1)
  A giant cockroach (D:3)
  7 goblins
  7 hobgoblins
  10 kobolds
  4 quokkas
  A ball python (D:3)
  6 bats
  2 frilled lizards
  12 rats
72 creatures vanquished.

Notes
Turn   | Place    | Note
-------+----------+-------------------------------------------
     0 | D:1      | jasper the Gargoyle Earth Elementalist began the quest for
                  | the Orb.
     0 | D:1      | Reached XP level 1. HP: 10/10 MP: 3/3
    92 | D:1      | Reached skill level 1 in Fighting
   156 | D:1      | Reached XP level 2. HP: 17/17 MP: 0/5
   816 | D:1      | Reached XP level 3. HP: 22/22 MP: 4/6
   822 | D:1      | Learned a level 3 spell: Passwall
  1722 | D:2      | Reached XP level 4. HP: 29/29 MP: 3/7
  1726 | D:2      | Learned a level 3 spell: Stone Arrow
  2216 | D:3      | Identified the ring "Meluetz" {rC+ Dex+6 Stlth+}
  2537 | D:3      | Found a faded altar of an unknown god.
  2549 | D:3      | Reached XP level 5. HP: 34/34 MP: 4/8
  2550 | D:3      | Reached skill level 5 in Fighting
  2920 | D:3      | Reached skill level 5 in Earth Magic
  2925 | D:3      | Killed from afar by an orc priest

Illustrated notes

Levels and vault maps discovered:
D:1:      ncdulo_lavacross, layout_loops_ring
D:2:      minmay_spotlight, layout_basic, dk_noncrumbling_2,
          kennysheep_decorative_pillar, lexackson_kobold_supper
D:3:      layout_basic, chequers_ecumenical_altar_simple

Skill      XL: |  1  2  3  4  5 |
---------------+----------------+-----
Fighting       | 1 2 3 4 5 |  5.0
Earth Magic    | 5 |  5.0
Dodging        | |  1.5
Stealth        | |  2.1
Spellcasting   | |  2.0
Conjurations   | |  1.1

Action                     |  1- 3 |  4- 6 || total
---------------------------+-------+-------++-------
  Melee: Rapier            |    11 |    10 ||    21
         Flail             |       |     1 ||     1
   Cast: Sandblast         |    55 |    57 ||   112
    Use: Scroll            |     4 |       ||     4
         Potion            |       |     2 ||     2
 Armour: Robe              |    16 |    22 ||    38
  Dodge: Dodged            |     9 |    25 ||    34

Table legend: (Time is in decaauts)
 A = Elapsed time spent in this place.
 B = Non-inter-level travel time spent in this place.
 C = Inter-level travel time spent in this place.
 D = Time resting spent in this place.
 E = Time spent auto-exploring this place.
 F = Levels seen in this place.
 G = Mean time per level.
                   A        B        C        D        E       F      G
               +--------+--------+--------+--------+--------+-----+--------+
         Total |   2994 |   2853 |    141 |    103 |   2271 |   3 |  998.0 |
       Dungeon |   2994 |   2853 |    141 |    103 |   2271 |   3 |  998.0 |
               +--------+--------+--------+--------+--------+-----+--------+

Top non-repeatable levels by time:
     D:1: 1200 daAuts
     D:2: 1036 daAuts
     D:3: 758 daAuts
